 Dungeon Crawl Stone Soup version 0.30.1-11-g7821555f0a (webtiles) character file.

Game seed: 14281131319701760247

10970 porpoise the Skirmisher (level 11, -3/75 HPs)
             Began as a Barachi Hunter on Dec 8, 2023.
             Was an Elder of Hepliaklqana.
             Slain by a meliai
             ... wielding a +1 hand axe of electrocution
              (19 damage)
             ... on level 2 of the Lair of Beasts.
             The game lasted 00:39:16 (12420 turns).

porpoise the Skirmisher (Barachi Hunter)           Turns: 12420, Time: 00:39:16

Health: -3/75      AC: 14    Str: 21    XL:     11   Next: 70%
Magic:  14/14      EV: 15    Int: 10    God:    Hepliaklqana [****..]
Gold:   459        SH:  0    Dex: 19    Spells: 10/10 levels left

rFire   . . .        a - +0 shortbow (heavy)
rCold   . . .        (shield currently unavailable)
rNeg    . . .        H - +0 swamp dragon scales
rPois   +            (no helmet)
rElec   .            k - +1 cloak "Peokasm" {Str+2}
rCorr   .            c - +0 pair of gloves
SInv    .            r - +0 pair of boots
Will    +....        (no amulet)
Stlth   +            v - +6 ring of strength
HPRegen 0.32/turn    P - ring of willpower
MPRegen 0.14/turn

%: no passive effects
@: slow
A: reduced essence, amphibious, slowness 1, strong legs 1, +LOS
a: Hop, Renounce Religion, Recall Ancestor, Ancestor Identity, Transference,
Idealise


You were on level 2 of the Lair of Beasts.
You worshipped Hepliaklqana.
Hepliaklqana was greatly pleased with you.
You visited 2 branches of the dungeon, and saw 12 of its levels.
You also visited: Sewer and Bailey.

You collected 487 gold pieces.
You spent 28 gold pieces at shops.

Inventory:

Hand Weapons
 a - a +0 heavy shortbow (weapon)
 b - a +3 scimitar of flaming
Armour
 c - a +0 pair of gloves (worn)
 k - the +1 cloak "Peokasm" (worn) {Str+2}
   (You acquired it on level 7 of the Dungeon)

   Str:       It affects your strength (+2).
 r - a +0 pair of boots (worn)
 H - +0 swamp dragon scales (worn)
Jewellery
 v - a +6 ring of strength (left hand)
 P - a ring of willpower (right hand)
Wands
 A - a wand of flame (22)
 M - a wand of light (10)
 O - a wand of iceblast (5)
Scrolls
 d - a scroll of silence
 f - 3 scrolls of magic mapping
 g - a scroll of poison {unknown}
 j - 3 scrolls of fog
 s - 3 scrolls of butterflies
 y - 3 scrolls of teleportation
Potions
 e - 5 potions of curing
 m - 4 potions of cancellation
 p - 2 potions of heal wounds
 q - 4 potions of lignification
 t - a potion of flight
 E - a potion of might
 G - 2 potions of haste
 R - a potion of ambrosia


   Skills:
 - Level 7.0 Fighting
 * Level 14.7 Ranged Weapons
 - Level 7.0 Armour
 - Level 7.0 Dodging
 - Level 0.8 Stealth
 + Level 4.0 Invocations
 + Level 1.0 Evocations


You had 10 spell levels left.
You didn't know any spells.
Your spell library contained the following spells:

 Spells                   Type           Power      Damage    Failure   Level
 Magic Dart               Conj           0%         1d3       50%         1
 Shock                    Conj/Air       0%         1d3       50%         1
 Call Imp                 Summ           0%         N/A       65%         2
 Poisonous Vapours        Pois/Air       0%         N/A       65%         2
 Mephitic Cloud           Conj/Pois/Air  0%         N/A       86%         3
 Anguish                  Hex/Necr       0%         N/A       99%         4
 Animate Dead             Necr           0%         N/A       99%         4
 Cause Fear               Hex            0%         N/A       99%         4
 Freezing Cloud           Conj/Ice/Air   0%         6-21      100%        5
 Enfeeble                 Hex            0%         N/A       100%        7
 Orb of Destruction       Conj           0%         9d5       100%        7


Dungeon Overview and Level Annotations

Branches:
Dungeon (10/15)            Temple (0/1) D:7            Lair (2/5) D:10
 Spider (0/4) Lair:2        Sewer (visited)          Bailey (visited)
  Swamp: Lair:2-3    Shoals: Lair:2-3       Orc: D:9-12

Altars:
Dithmenos
Hepliaklqana
Makhleb
Ru

Shops:
D:1 :   D:10 *[!((


Innate Abilities, Weirdness & Mutations

Your life essence is reduced to manifest your ancestor. (-10% HP)
You are amphibious.
You cover ground slowly.
You can hop short distances.
You have an extended range of vision and can be seen from far away.


Message History

The killer bee stings you but does no damage.
Unknown command.
You shoot an arrow. The arrow closely misses the meliai.
The meliai mumbles some strange prayers to its god against you.
Something smites you!
The killer bee stings you but does no damage.
The meliai hits you with a +1 hand axe of electrocution!
The meliai stings you but does no damage.
The killer bee stings you but does no damage.
You are too injured to fight recklessly!
The killer bee attacks as you move away!
The killer bee misses you. The killer bee barely misses you.
The meliai closely misses you.
The meliai stings you but does no damage.
The killer bee stings you but does no damage.
The meliai barely misses you.
The meliai stings you but does no damage.
You are too injured to fight recklessly!
You are too injured to fight recklessly!
You shoot an arrow. The arrow hits the meliai.
The meliai is severely wounded.
The meliai misses you.
The meliai stings you but does no damage.
The killer bee closely misses you.
The cane toad stings the fungus!!
The fungus begins to die.
The fungus is poisoned.
The cane toad poisons the fungus!
The killer bee closely misses you.
The meliai invokes the aid of its god against you.
Something smites you!
* * * LOW HITPOINT WARNING * * *
The cane toad completely misses the fungus.
You shoot an arrow. The arrow closely misses the meliai.
The arrow hits the cane toad.
The cane toad is lightly wounded.
The meliai hits you but does no damage. The meliai stings you.
* * * LOW HITPOINT WARNING * * *
The killer bee barely misses you.
The meliai hits you with a +1 hand axe of electrocution.
* * * LOW HITPOINT WARNING * * *
You are electrocuted!!
You die...

# ..#..##y#. ##. #...#.#
#... #...# ##..##.†#
#.......## ##..#....#
#....#.F##
#....[.###..P#yyP#
##......###.. #.@.# #
........... #..## .#
.#........... #..####..#
.........#....#........#
.......###..##........#
......#........##...#
#...P#P..#P..P# ..#
#.<.###......## .#
.#...#..# #......# .#


You could see a cane toad, a meliai and a killer bee.

Vanquished Creatures
  Erica (D:9)
  Nergalle (Lair:1)
  Maggie (D:7)
  A cane toad (Lair:1)
  A komodo dragon (Lair:1)
  2 trolls (D:10)
  A hornet (D:9)
  A shadow (D:10)
  Sigmund (D:3)
  2 wyverns
  7 yaks
  2 steam dragons
  3 water moccasins
  6 orc warriors
  2 black bears
  A sky beast (D:6)
  4 centaurs
  A phantom (D:6)
  2 bullfrogs
  3 kobold brigands (Sewer)
  A scorpion (D:4)
  2 gnoll sergeants
  A wight (D:8)
  6 killer bees
  3 howler monkeys (D:7)
  2 electric eels (D:4)
  2 jellies
  3 hounds
  2 gnoll boudas (D:10)
  6 orc priests
  9 iguanas
  6 orc wizards
  Natasha (thrice) (D:3)
  4 hell rats (Lair:1)
  27 gnolls
  11 adders
  2 river rats (Sewer)
  2 shadow imps
  4 white imps
  A worm (D:4)
  5 dart slugs
  31 orcs
  5 bats
  8 endoplasms
  5 giant cockroaches
  6 goblins
  10 hobgoblins
  6 jackals (Sewer)
  17 kobolds
  3 quokkas
  14 ball pythons
  5 frilled lizards
  5 rats
260 creatures vanquished.

Vanquished Creatures (collateral kills)
  A komodo dragon (D:10)
  9 yaks
  A basilisk (D:10)
  2 orc warriors
  A sky beast (D:6)
  2 bullfrogs
  A gnoll sergeant (D:10)
  2 wights (D:8)
  A hound (D:6)
  A gnoll bouda (D:9)
  An orc priest (D:8)
  2 orc wizards (D:9)
  2 gnolls (D:10)
  5 orcs
  A goblin (Bailey)
  4 kobolds (Bailey)
36 creatures vanquished.

Vanquished Creatures (others)
  3 knights
  An ancestor (Bailey)
4 creatures vanquished.

Grand Total: 300 creatures vanquished

Notes
Turn   | Place    | Note
-------+----------+-------------------------------------------
     0 | D:1      | porpoise the Barachi Hunter began the quest for the Orb.
     0 | D:1      | Reached XP level 1. HP: 17/17 MP: 1/1
    38 | D:1      | Reached XP level 2. HP: 11/23 MP: 2/2
   193 | D:1      | Found Tuinlasi's Vocational Training.
   552 | D:1      | Reached XP level 3. HP: 29/29 MP: 3/3
  1784 | D:2      | You fall into a shaft and drop 2 floors!
  1801 | D:4      | Reached skill level 5 in Ranged Weapons
  1826 | D:4      | Reached XP level 4. HP: 33/36 MP: 4/4
  1985 | D:4      | Reached XP level 5. HP: 42/42 MP: 5/5
  2012 | D:4      | Found a glowing drain.
  2025 | Sewer    | Entered a sewer
  2054 | Sewer    | Noticed a kobold brigand
  2071 | Sewer    | Killed a kobold brigand
  2072 | Sewer    | Reached skill level 6 in Ranged Weapons
  2255 | Sewer    | Reached XP level 6. HP: 49/49 MP: 6/6
  2456 | Sewer    | Reached skill level 5 in Fighting
  2682 | D:4      | Got Waiwuvia's Information on Destructive Darkness
  2704 | D:4      | Reached skill level 7 in Ranged Weapons
  2704 | D:4      | Reached XP level 7. HP: 51/56 MP: 7/7
  2736 | D:3      | Noticed Natasha
  2743 | D:3      | Killed Natasha
  2755 | D:3      | Noticed Natasha
  2759 | D:3      | Killed Natasha
  2820 | D:3      | Noticed Sigmund
  2828 | D:3      | Killed Sigmund
  2829 | D:3      | Noticed Natasha
  2838 | D:3      | Killed Natasha
  3160 | D:3      | Reached skill level 8 in Ranged Weapons
  3395 | D:4      | Found a transporter.
  3426 | D:4      | Found a transporter.
  3618 | D:4      | Reached XP level 8. HP: 34/65 MP: 8/8
  4267 | D:5      | Entered Level 5 of the Dungeon
  5041 | D:5      | Reached skill level 9 in Ranged Weapons
  5254 | D:5      | Found a hazy altar of Hepliaklqana.
  5267 | D:5      | Became a worshipper of Hepliaklqana the Forgotten
  5985 | D:6      | Reached XP level 9. HP: 72/72 MP: 9/9
  6096 | D:6      | Reached skill level 10 in Ranged Weapons
  6096 | D:6      | Reached * piety under Hepliaklqana
  6439 | D:6      | Found a sacrificial altar of Ru.
  6597 | D:6      | Reached skill level 5 in Dodging
  6641 | D:7      | Found a flagged portal.
  6650 | Bailey   | Entered a bailey
  6673 | Bailey   | Noticed an orc warlord
  6726 | Bailey   | Reached skill level 11 in Ranged Weapons
  6793 | Bailey   | Found a runed translucent gate.
  6795 | Bailey   | Found a runed translucent gate.
  6797 | Bailey   | Found a runed translucent gate.
  7010 | Bailey   | HP: 3/64 [orc warlord/+6 battleaxe (22)]
  7177 | D:7      | Noticed Maggie
  7183 | D:7      | Killed Maggie
  7472 | D:7      | Found a staircase to the Ecumenical Temple.
  7563 | D:7      | Reached ** piety under Hepliaklqana
  7564 | D:7      | Remembered your ancestor Nikki as a knight
  7572 | D:7      | Identified the +6 great sword "Enauph" {drain, Will+}
  7625 | D:7      | Found a burning altar of Makhleb.
  7626 | D:7      | Found a shadowy altar of Dithmenos.
  8274 | D:8      | Reached skill level 12 in Ranged Weapons
  8274 | D:8      | Reached XP level 10. HP: 64/71 MP: 10/10
  8588 | D:8      | Reached skill level 1 in Armour
  8608 | D:8      | Reached skill level 1 in Invocations
  8650 | D:8      | Identified the +5 scale mail "Tebus" {rElec rCorr}
  8917 | D:9      | Reached *** piety under Hepliaklqana
  9154 | D:9      | Noticed Erica
  9159 | D:9      | Killed Erica
  9160 | D:9      | Reached skill level 13 in Ranged Weapons
  9767 | D:9      | Reached XP level 11. HP: 67/75 MP: 13/13
  9771 | D:9      | Reached skill level 5 in Armour
  9916 | D:9      | Acquired the +1 cloak "Peokasm" {Str+2}
  9959 | D:10     | Entered Level 10 of the Dungeon
  9962 | D:10     | Found Cidyck's Distillery.
 10011 | D:10     | Reached skill level 14 in Ranged Weapons
 10050 | D:10     | Found a staircase to the Lair.
 10107 | D:10     | Found Reurafo's Weapon Shop.
 10269 | D:10     | Reached **** piety under Hepliaklqana
 10409 | D:10     | Found Xuogouro's Weapon Emporium.
 10566 | D:10     | Found Otsaf's General Store.
 10575 | D:10     | Bought a scroll of identify for 28 gold pieces
 10618 | D:10     | Found Saurghur's Armour Boutique.
 11068 | Lair:1   | Entered Level 1 of the Lair of Beasts
 11199 | Lair:1   | Noticed Nergalle
 11210 | Lair:1   | Killed Nergalle
 11514 | Lair:1   | Reached skill level 1 in Evocations
 12130 | Lair:2   | Noticed a death yak
 12407 | Lair:2   | Found a hole to the Spider Nest.
 12420 | Lair:2   | Slain by a meliai

Illustrated notes

Levels and vault maps discovered:
D:1:      eino_arrival_druids_welcome, layout_basic, grunt_decor_clamped,
          nicolae_shop_vocational
D:2:      layout_basic
D:3:      layout_basic, chequers_big_river, grunt_ministairs_7, uniq_sigmund,
          uniq_natasha
D:4:      gammafunk_steamed_eel, layout_basic, cheibrodos_sewer_entry_drain
D:5:      layout_rooms, old_standard_altar
D:6:      kennysheep_spiral_hall, layout_gridville,
          nicolae_ru_the_path_less_chosen
D:7:      layout_loops_corners, grunt_temple_overflow_open,
          minmay_temple_entry_glassed_door, enter_bailey_2, uniq_maggie
D:8:      layout_cave_pools, kennysheep_flooded_box
D:9:      layout_roguey, uniq_erica
D:10:     layout_basic, david_lair_generic, serial_shops,
          nicolae_shop_bloodbath_and_beyond, shop, shop, shop_fountains,
          nicolae_shop_crystal
Lair:1:   layout_small_grid, uniq_nergalle
Lair:2:   layout_long_grid, hellmonk_spider_entry_not_the_bees, uniq_fannar

Skill      XL: |  1  2  3  4  5  6  7  8  9 10 11 |
---------------+----------------------------------+-----
Fighting       | 3 4 5 6 7 |  7.0
Ranged Weapons | 5 6 7 8 9 12 13 14 | 14.7
Dodging        | 4 6 7 |  7.0
Armour         | 4 7 |  7.0
Invocations    | 3 4 |  4.0
Evocations     | 1 |  1.0
Stealth        | |  0.8

Action                     |  1- 3 |  4- 6 |  7- 9 | 10-12 || total
---------------------------+-------+-------+-------+-------++-------
  Melee: Short sword       |     4 |     3 |       |       ||     7
         Scimitar          |       |       |       |     1 ||     1
   Fire: Shortbow          |   111 |   108 |   350 |   280 ||   849
  Throw: Boomerang         |       |       |     2 |       ||     2
 Invoke: Ancestor Life: Kn |       |       |     1 |       ||     1
         Ancestor Identity |       |       |     1 |       ||     1
  Evoke: Wand              |       |       |     2 |       ||     2
    Use: Scroll            |     9 |       |    15 |     8 ||    32
         Potion            |     2 |     1 |     1 |     3 ||     7
 Armour: Leather armour    |    12 |     9 |    24 |       ||    45
         Swamp dragon scal |       |       |     1 |    59 ||    60
  Dodge: Dodged            |    38 |    32 |    91 |   101 ||   262
